Map: Odyssey LE

Players

Smokijo

  • Race: Protoss Protoss
  • League: Silver
  • Spawn Location: 5:00

SirGylock - Winner!

  • Race: Zerg Zerg
  • League: Silver
  • Spawn Location: 11:00

VOD

Have the link to the VOD?

Description

Time

  • Played on: May 20, 2017, 4:44 a.m.
  • Length: 42:28
Show
View Real Time Build Order
Export as new Build Order

Smokijo Protoss 

Build Orders:  

Get SALT Encoding   

  12  0:01  Probe (Chrono Boost)  
  13  0:18  Probe (Chrono Boost)  
  13  0:20  Pylon  
  15  0:28  Probe (Chrono Boost)  
  15  0:42  Gateway  
  15  0:45  Probe (Chrono Boost)  
  16  0:58  Probe (Chrono Boost)  
  16  1:02  Gateway  
  17  1:21  Forge  
  17  1:26  Probe (Chrono Boost)  
  17  1:27  Zealot, Pylon  
  17  1:28  Assimilator  
  20  1:39  Probe (Chrono Boost)  
  21  1:50  Zealot x2  
  25  2:05  Cybernetics Core  
  25  2:09  Assimilator  
  25  2:12  Pylon  
  25  2:22  Photon Cannon  
  25  2:28  Photon Cannon  
  26  2:31  Probe (Chrono Boost)  
  26  2:38  Zealot  
  26  2:43  Probe (Chrono Boost)  
  29  2:58  Stalker  
  31  3:02  Stalker  
  34  3:05  Probe (Chrono Boost)  
  34  3:10  Protoss Shields Level 1  
  34  3:21  Pylon  
  34  4:31  Nexus  
  34  4:35  Assimilator  
  34  4:37  Assimilator  
  34  4:39  Pylon  
  34  4:42  Pylon  
  34  4:56  Stargate, Protoss Ground Armor Level 1  
  34  4:57  Stalker  
  36  5:04  Stargate, Stalker  
  36  5:05  Robotics Facility  
  38  5:26  Mothership Core (Chrono Boost)  
  40  5:45  Probe (Chrono Boost)  
  40  5:46  Probe (Chrono Boost)  
  42  5:56  Probe (Chrono Boost)  
  45  5:57  Observer  
  45  5:58  Probe (Chrono Boost)  
  45  6:00  Protoss Air Armor Level 1  
  45  6:06  Probe (Chrono Boost)  
  45  6:10  Probe (Chrono Boost)  
  47  6:17  Probe (Chrono Boost)  
  48  6:22  Probe (Chrono Boost)  
  49  6:27  Probe (Chrono Boost)  
  50  6:34  Probe (Chrono Boost)  
  50  6:36  Cybernetics Core  
  50  6:38  Probe (Chrono Boost)  
  52  6:40  Forge  
  52  7:00  Void Ray  
  56  7:01  Twilight Council  
  56  7:17  Probe (Chrono Boost)  
  56  7:18  Probe (Chrono Boost), Protoss Ground Weapons Level 1  
  56  7:20  Void Ray  
  62  7:25  Observer  
  62  7:27  Probe (Chrono Boost)  
  65  7:30  Probe (Chrono Boost)  
  65  7:42  Probe (Chrono Boost)  
  66  7:45  Warp Gate  
  66  7:48  Void Ray  
  70  8:06  Void Ray  
  75  8:13  Observer  
  75  8:25  Zealot  
  77  8:36  Nexus  
  77  8:41  Pylon  
  77  8:44  Pylon  
  77  8:47  Pylon  
  77  8:50  Pylon  
  77  8:53  Assimilator  
  77  8:56  Assimilator  
  77  8:57  Protoss Air Weapons Level 1  
  77  8:59  Zealot  
  77  9:01  Protoss Shields Level 2  
  79  9:04  Void Ray  
  83  9:24  Photon Cannon  
  83  9:26  Photon Cannon  
  83  9:29  Photon Cannon  
  83  9:35  Photon Cannon  
  77  10:16  Photon Cannon  
  77  10:18  Pylon  
  77  10:20  Pylon  
  77  10:23  Void Ray x2, Pylon  
  85  10:52  Photon Cannon  
  85  10:55  Photon Cannon  
  85  11:00  Photon Cannon  
  85  11:03  Photon Cannon, Pylon  
  85  11:14  Probe x2 (Chrono Boost)  
  85  11:15  Probe (Chrono Boost)  
  88  11:19  Protoss Shields Level 3  
  88  11:27  Probe (Chrono Boost)  
  88  11:28  Fleet Beacon  
  88  11:32  Stargate  
  89  11:36  Stargate  
  89  11:39  Stargate  
  89  11:59  Observer  
  90  12:16  Carrier  
  90  12:19  Carrier  
  102  12:23  Protoss Air Armor Level 2  
  102  12:25  Protoss Air Weapons Level 2  
  96  12:47  Photon Cannon  
  96  12:49  Photon Cannon  
  96  12:51  Photon Cannon  
  96  12:59  Nexus  
  96  13:02  Pylon  
  96  13:09  Pylon  
  96  13:13  Pylon, Carrier  
  102  13:30  Carrier  
  102  13:34  Probe x2 (Chrono Boost)  
  110  13:35  Probe (Chrono Boost)  
  111  13:43  Protoss Ground Armor Level 2  
  111  13:46  Probe (Chrono Boost)  
  112  14:02  Carrier  
  118  14:13  Photon Cannon  
  118  14:16  Photon Cannon  
  118  14:24  Photon Cannon  
  105  14:42  Stalker x2  
  83  15:11  Carrier  
  83  15:12  Carrier  
  89  15:47  Carrier  
  69  16:14  Carrier  
  70  16:19  Stalker  
  70  16:21  Stalker  
  69  16:28  Photon Cannon x2  
  69  16:31  Photon Cannon  
  69  16:32  Photon Cannon  
  67  16:33  Photon Cannon  
  67  16:35  Pylon  
  67  16:37  Pylon  
  67  16:41  Pylon  
  67  16:42  Pylon  
  67  16:44  Pylon  
  66  17:45  Carrier  
  72  18:44  Assimilator  
  72  18:48  Protoss Air Weapons Level 3  
  72  19:07  Mothership Core (Chrono Boost)  
  74  19:12  Probe (Chrono Boost)  
  76  19:24  Probe (Chrono Boost)  
  76  19:25  Probe (Chrono Boost)  
  77  19:36  Probe x2 (Chrono Boost)  
  79  19:39  Protoss Air Armor Level 3  
  78  19:56  Probe (Chrono Boost)  
  78  19:58  Probe (Chrono Boost)  
  56  20:10  Probe (Chrono Boost)  
  58  20:22  Probe (Chrono Boost), Carrier  
  64  21:00  Pylon  
  64  21:03  Pylon  
  63  21:05  Pylon  
  62  21:19  Carrier  
  62  21:22  Carrier  
  74  21:49  Pylon  
  74  21:51  Nexus  
  74  21:54  Pylon  
  65  22:56  Pylon  
  65  22:59  Pylon  
  65  23:04  Photon Cannon  
  65  23:08  Photon Cannon  
  65  23:09  Pylon  
  65  23:12  Photon Cannon, Pylon  
  65  23:13  Photon Cannon  
  71  23:37  Assimilator  
  71  23:41  Assimilator  
  77  24:01  Probe x2 (Chrono Boost)  
  77  24:02  Probe (Chrono Boost)  
  80  24:11  Probe x2 (Chrono Boost)  
  80  24:14  Probe (Chrono Boost)  
  83  24:26  Probe (Chrono Boost)  
  96  25:03  Carrier  
  84  25:17  Carrier  
  66  25:42  Stargate  
  66  25:44  Stargate  
  58  26:04  Pylon  
  58  26:05  Pylon  
  58  26:06  Pylon  
  58  26:08  Pylon x2  
  58  26:09  Pylon x2  
  58  26:12  Carrier  
  58  26:13  Pylon  
  58  26:14  Pylon  
  58  26:15  Pylon  
  57  26:20  Fleet Beacon  
  57  26:22  Pylon  
  57  26:23  Pylon  
  57  26:25  Stargate  
  57  26:26  Stargate  
  57  26:30  Photon Cannon  
  57  26:31  Photon Cannon  
  55  26:38  Photon Cannon  
  55  26:41  Photon Cannon  
  61  27:03  Carrier  
  61  27:06  Carrier  
  73  27:21  Carrier  
  64  28:16  Carrier  
  63  28:59  Carrier  
  63  29:11  Carrier  
  67  29:40  Nexus, Assimilator  
  67  29:42  Pylon  
  67  29:43  Assimilator  
  67  29:44  Pylon  
  67  29:47  Pylon  
  67  29:50  Carrier  
  73  30:03  Photon Cannon  
  73  30:06  Photon Cannon  
  24  33:14  Carrier  
  9  36:33  Carrier  
Show
View Real Time Build Order
Export as new Build Order

SirGylock Zerg - Winner!

Build Orders: Pool First 

Get SALT Encoding   

  12  0:01  Drone  
  13  0:12  Drone  
  14  0:26  Spawning Pool  
  13  0:34  Overlord  
  13  0:38  Drone  
  14  0:52  Drone  
  14  0:53  Drone  
  14  0:55  Extractor  
  15  1:07  Drone  
  16  1:19  Hatchery  
  15  1:29  Queen  
  17  1:43  Drone x3  
  20  2:02  Drone  
  21  2:09  Drone  
  22  2:19  Overlord  
  22  2:34  Spore Crawler  
  22  2:37  Drone  
  22  2:41  Drone x4  
  22  2:42  Extractor  
  25  2:44  Drone x2  
  25  2:45  Queen  
  25  2:49  Lair  
  29  2:59  Metabolic Boost  
  29  3:01  Drone  
  29  3:04  Drone  
  31  3:06  Drone  
  31  3:11  Overlord  
  32  3:30  Drone x4  
  38  3:34  Drone x2  
  38  4:00  Drone  
  38  4:01  Drone x2  
  41  4:09  Overlord x2  
  41  4:16  Extractor  
  40  4:18  Extractor  
  40  4:22  Baneling Nest  
  38  4:29  Spire  
  37  4:33  Evolution Chamber  
  37  4:35  Evolution Chamber  
  35  4:40  Drone  
  36  4:49  Drone x3  
  36  4:50  Drone x2  
  36  4:51  Drone  
  42  5:02  Zerg Melee Weapons Level 1  
  42  5:04  Zerg Missile Weapons Level 1  
  42  5:08  Zergling x8  
  42  5:10  Overlord x2  
  42  5:12  Zergling x4  
  42  5:13  Zergling x2  
  49  5:26  Hatchery  
  49  5:27  Drone  
  49  5:39  Baneling  
  49  5:40  Baneling x2  
  49  5:47  Hatchery  
  48  5:50  Drone x2  
  48  5:53  Mutalisk x3  
  56  6:00  Drone  
  56  6:03  Drone x5  
  62  6:24  Hatchery  
  62  6:25  Mutalisk  
  61  6:26  Mutalisk  
  61  6:30  Mutalisk  
  61  6:32  Zergling x2  
  68  6:33  Overlord  
  68  6:53  Zerg Flyer Weapons Level 1  
  68  6:56  Mutalisk x3  
  74  7:11  Drone x2  
  74  7:13  Queen  
  78  7:23  Spine Crawler  
  78  7:28  Spore Crawler  
  76  7:32  Spore Crawler  
  75  7:38  Drone x2  
  75  7:40  Spine Crawler  
  75  7:41  Mutalisk x2  
  80  7:47  Spore Crawler  
  80  7:50  Spore Crawler, Drone x3  
  80  7:51  Spore Crawler, Drone  
  82  7:56  Spine Crawler  
  80  8:00  Spine Crawler, Drone x2  
  80  8:01  Spine Crawler  
  80  8:02  Drone x3  
  80  8:05  Drone x3  
  84  8:06  Queen  
  88  8:23  Mutalisk x2  
  88  8:24  Mutalisk  
  94  8:39  Zerg Missile Weapons Level 2  
  94  8:41  Roach Warren  
  94  8:42  Zerg Ground Armor Level 1  
  94  8:46  Drone  
  94  8:48  Overlord  
  94  8:49  Overlord  
  94  9:11  Mutalisk x2  
  94  9:12  Mutalisk x3  
  94  9:14  Overlord x3  
  104  9:22  Drone  
  104  9:23  Drone x2  
  107  9:25  Drone  
  107  9:28  Extractor  
  107  9:30  Extractor, Drone x3  
  107  9:31  Drone  
  106  10:09  Corruptor x4  
  106  10:11  Corruptor x3  
  120  10:17  Drone x3  
  120  10:19  Drone x2  
  120  10:20  Drone  
  114  10:43  Mutalisk x3  
  114  10:47  Zergling x6  
  114  10:48  Zergling x6  
  114  10:49  Zergling x4  
  128  10:51  Zergling x4  
  128  10:52  Zergling x2  
  131  11:29  Drone x2  
  131  11:30  Drone  
  134  11:42  Extractor  
  134  11:46  Drone  
  134  11:47  Overlord  
  134  11:48  Overlord x3  
  134  11:55  Baneling x2  
  134  11:56  Baneling x4  
  134  11:57  Baneling  
  134  11:59  Baneling  
  134  12:04  Baneling x2  
  134  12:05  Baneling  
  134  12:16  Mutalisk  
  134  12:17  Mutalisk x4  
  134  12:19  Corruptor x4  
  134  12:20  Corruptor  
  105  12:47  Mutalisk x3  
  111  12:57  Zerg Ground Armor Level 2  
  111  13:00  Hydralisk Den  
  111  13:03  Drone x2  
  112  13:13  Spore Crawler  
  112  13:17  Spore Crawler x2, Drone x2  
  111  13:27  Drone  
  111  13:33  Mutalisk x3  
  118  13:34  Mutalisk x2  
  118  13:35  Mutalisk x2  
  118  13:37  Hydralisk  
  118  13:38  Hydralisk  
  130  14:16  Hydralisk x3  
  136  14:18  Hydralisk x3  
  136  14:19  Hydralisk x3  
  136  14:21  Mutalisk x2  
  136  14:23  Overlord x2  
  141  15:04  Mutalisk x3  
  141  15:06  Corruptor x3  
  147  15:18  Mutalisk  
  136  16:21  Mutalisk x3  
  136  16:22  Mutalisk x3  
  136  16:23  Mutalisk x2  
  136  16:24  Mutalisk  
  142  16:57  Mutalisk x3  
  142  16:58  Mutalisk  
  142  16:59  Mutalisk x2  
  142  17:00  Mutalisk  
  156  17:04  Zergling x6  
  157  17:28  Overseer  
  157  17:29  Overseer  
  157  17:30  Overseer x2  
  157  17:31  Overseer x2  
  155  17:57  Mutalisk x3  
  161  17:58  Mutalisk  
  161  18:02  Mutalisk  
  165  18:49  Drone x2  
  165  18:50  Drone  
  168  19:06  Drone  
  169  19:27  Hatchery  
  109  20:11  Mutalisk x6  
  109  20:12  Mutalisk  
  109  20:13  Mutalisk x2  
  117  20:14  Mutalisk x4  
  125  20:29  Extractor  
  125  20:30  Extractor  
  125  20:32  Hatchery  
  125  20:33  Extractor  
  121  20:36  Extractor  
  121  20:39  Mutalisk x2  
  121  20:41  Zergling x6  
  121  20:42  Zergling x2  
  128  21:19  Mutalisk x3  
  128  22:20  Mutalisk x3  
  128  22:22  Mutalisk x3  
  140  22:23  Mutalisk x3  
  120  22:41  Corruptor  
  120  22:43  Corruptor  
  120  22:44  Corruptor  
  120  22:45  Corruptor  
  120  22:46  Corruptor  
  126  22:56  Queen  
  128  22:59  Queen  
  128  23:02  Mutalisk x2  
  128  23:04  Mutalisk  
  136  23:20  Mutalisk x2  
  136  23:21  Mutalisk  
  142  23:36  Overseer x2  
  142  24:16  Mutalisk x2  
  142  24:20  Overlord x3  
  142  24:21  Overlord x3  
  106  25:35  Mutalisk x3  
  108  25:36  Corruptor  
  108  25:37  Corruptor x2  
  108  25:38  Mutalisk  
  108  25:39  Mutalisk x2  
  108  25:41  Mutalisk x6  
  136  26:11  Mutalisk x3  
  136  26:13  Corruptor x2  
  136  26:14  Corruptor  
  142  27:01  Mutalisk x3  
  142  27:02  Mutalisk x2  
  152  27:25  Hatchery  
  131  28:19  Mutalisk x3  
  131  28:21  Mutalisk x3  
  139  29:12  Corruptor x3  
  117  31:25  Mutalisk x2  
  111  31:26  Mutalisk  
  111  31:28  Corruptor  
  111  31:29  Corruptor x2  
  111  31:30  Mutalisk  
  111  31:31  Mutalisk x4  
  133  31:32  Corruptor  
  135  31:41  Drone  
  135  31:42  Drone x2  
  138  32:02  Mutalisk x3  
  138  32:06  Mutalisk  
  138  32:07  Mutalisk x2  
  150  32:36  Mutalisk x4  
  150  32:37  Mutalisk  
  154  32:38  Corruptor x2  
  154  32:39  Corruptor  
  106  33:36  Corruptor x3  
  106  33:38  Corruptor x2  
  112  34:12  Drone  
  112  34:15  Lair  
  112  34:16  Drone x2  
  112  34:17  Drone  
  116  34:19  Extractor  
  116  34:21  Extractor  
  116  34:23  Extractor  
  113  34:36  Drone  
  113  34:37  Drone x2  
  102  35:33  Zergling x6  
  105  35:40  Zergling x6  
  105  35:41  Zergling x6  
  111  35:46  Centrifical Hooks  
  111  35:51  Drone x3  
  109  36:34  Baneling x6  
  109  36:35  Baneling x6  
  109  36:36  Baneling x6  
  109  36:37  Baneling x3  
Tags
 
Matchup
PvZ
Opening
Pool First
Spawn Locations
Cross Positions
Add a new tag
Caveats
  • Supply blocks, unpowered buildings, or Contaminate may cause inaccurate times.
  • Supply counts are checked every 10 seconds.